 Dungeon Crawl Stone Soup version 0.31-a0-988-g08d55dae12 (webtiles) character file.

Game seed: 5461084482765536160

991 Armadingus the Cudgeller (level 8, -12/67 HPs)
             Began as a Gnoll Chaos Knight on Nov 5, 2023.
             Was a Plaything of Xom.
             Mangled by a +7 dire flail of protection (25 damage)
             ... animated by Xom
             ... on level 5 of the Dungeon.
             The game lasted 00:52:36 (4076 turns).

Armadingus the Cudgeller (Gnoll Chaos Knight)       Turns: 4076, Time: 00:52:37

Health: -12/67     AC: 12    Str: 13    XL:     8   Next: 18%
Magic:  11/11      EV: 13    Int: 10    God:    Xom [....*.]
Gold:   236        SH:  0    Dex: 16    Spells: 13/13 levels left

rFire   . . .        a - +2 mace (chaos)
rCold   . . .        (no shield)
rNeg    . . .        q - +0 chain mail
rPois   .            w - +0 helmet
rElec   .            (no cloak)
rCorr   .            o - +0 pair of gloves
SInv    +            (no boots)
Will    .....        (no amulet) Stlth
                     f - +5 ring of evasion
HPRegen 0.31/turn    i - ring of see invisible
MPRegen 0.12/turn

%: no passive effects
@: no status effects
A: fangs 1, strong nose, distributed training, talons 1, agile 1, low MP 1,
inability to drink after injury 1
a: Renounce Religion


You were on level 5 of the Dungeon.
You worshipped Xom.
You were a beloved toy of Xom.
You visited 1 branch of the dungeon, and saw 5 of its levels.

You collected 236 gold pieces.

Inventory:

Hand Weapons
 a - a +2 mace of chaos (weapon)
 g - a +2 flail of draining
Missiles
 d - 43 stones (quivered)
 n - 2 boomerangs
Armour
 b - a +2 leather armour
 o - a +0 pair of gloves (worn)
 q - a +0 chain mail (worn)
 w - a +0 helmet (worn)
Jewellery
 f - a +5 ring of evasion (left hand)
 h - a +6 ring of intelligence
 i - a ring of see invisible (right hand)
 j - a ring of fire
 x - a ring of protection from fire
Talismans
 t - a talisman of death
Scrolls
 c - a scroll of poison {unknown}
 p - 2 scrolls of vulnerability
 s - a scroll of noise
 v - a scroll of brand weapon
Potions
 e - a potion of resistance
 k - a potion of heal wounds
 r - 2 potions of curing
 u - a potion of brilliance {unknown}


   Skills:
 + Level 7.3 Fighting
 + Level 3.1 Short Blades
 + Level 3.1 Long Blades
 + Level 3.1 Axes
 + Level 7.3 Maces & Flails
 + Level 3.1 Polearms
 + Level 3.1 Staves
 + Level 3.1 Ranged Weapons
 + Level 3.1 Throwing
 + Level 5.6 Armour
 + Level 4.1 Dodging
 + Level 3.1 Stealth
 + Level 3.1 Shields
 + Level 3.1 Unarmed Combat
 + Level 3.1 Spellcasting
 + Level 2.5 Conjurations
 + Level 2.5 Hexes
 + Level 2.5 Summonings
 + Level 2.5 Necromancy
 + Level 2.5 Translocations
 + Level 2.5 Transmutations
 + Level 2.5 Fire Magic
 + Level 2.5 Ice Magic
 + Level 2.5 Air Magic
 + Level 2.5 Earth Magic
 + Level 2.5 Poison Magic
 + Level 3.4 Invocations
 + Level 3.1 Evocations
 + Level 2.8 Shapeshifting


You had 13 spell levels left.
You didn't know any spells.
Your spell library contained the following spells:

 Spells                   Type           Power      Damage    Failure   Level
 Freeze                   Ice            24%        1d4       85%         1
 Necrotise                Necr           24%        1d5       85%         1
 Ensorcelled Hibernation  Hex/Ice        12%        N/A       94%         2
 Passwall                 Tmut/Erth      5%         N/A       94%         2
 Static Discharge         Conj/Air       12%        3-4/arc   94%         2
 Frozen Ramparts          Ice            12%        1d2       99%         3
 Gell's Gravitas          Tloc           6%         N/A       99%         3
 Hailstorm                Conj/Ice       6%         3d4       99%         3
 Ignite Poison            Fire/Tmut/Pois 6%         N/A       99%         3
 Swiftness                Air            6%         N/A       99%         3
 Teleport Other           Tloc           6%         N/A       99%         3
 Vampiric Draining        Necr           6%         2d6       99%         3
 Airstrike                Air            3%         2d(1-17)  100%        4
 Sticky Flame             Conj/Fire      6%         2d3       100%        4
 Summon Lightning Spire   Summ/Air       6%         N/A       100%        4
 Agony                    Necr           6%         N/A       100%        5
 Dispersal                Tloc           3%         N/A       100%        6
 Ignition                 Fire           3%         3d4       100%        8


Dungeon Overview and Level Annotations

Branches:
Dungeon (5/15)
 Temple: D:4-7

Altars:
Cheibriados
Dithmenos
Qazlal
Sif Muna

Shops:
D:2 :


Innate Abilities, Weirdness & Mutations

You have very sharp teeth.
Your uncanny sense of smell can sniff out nearby items.
Your experience applies equally to all skills.
You have sharp toenails.
You are agile. (Dex +4, Str/Int -1)
Your magical capacity is low. (-10% MP)
You occasionally lose the ability to drink potions when taking damage.


Message History

Edmund hits you with a +7 dire flail of protection!
* * * LOW HITPOINT WARNING * * *
You feel much better. Xom grants you a minor favour.
Edmund's +7 dire flail of protection dances into the air!
You are now a beloved toy of Xom.
The centaur shoots an arrow.
The arrow barely misses you.
The arrow hits Edmund.
Flame seeps out of Edmund.
Edmund is engulfed in blazing flames.
Flame seeps out of Edmund.
Edmund barely misses you.
The centaur shoots an arrow.
The arrow hits you.
Edmund is engulfed in blazing flames.
Flame seeps out of Edmund.
The centaur shoots an arrow.
The arrow hits you.
The centaur shoots an arrow.
The arrow hits you but does no damage.
The quokka runs around in a circle.
Your +7 dire flail of protection is engulfed in blazing flames.
Your +7 dire flail of protection hits Edmund!!
Edmund explodes!
The fiery explosion engulfs your +7 dire flail of protection.
Your +7 dire flail of protection resists.
Your +7 dire flail of protection is lightly damaged.
You hear an angry hiss.
The quokka closely misses you.
The centaur unwields a +0 shortbow.
The centaur closely misses you.
The centaur kicks you but does no damage.
The quokka barely misses you.
You sock the centaur! Your kick misses the centaur.
The centaur is moderately wounded.
The centaur hits you but does no damage.
The centaur misses you.
The quokka bites you but does no damage.
The +7 dire flail of protection hits you!!
* * * LOW HITPOINT WARNING * * *
The centaur barely misses you. x2
An iguana and a scorpion come into view.
The iguana hisses angrily.
The +7 dire flail of protection attacks as it pursues you!
The +7 dire flail of protection hits you!!
You die...
Xom is highly amused!

#.##.####.##.#######
#...........@......#
#.............l..#∆ .
.####...###.##.###.#
.#......#.....##.# ...
#...######.# .# #.######.## #.#
#.# # ###r#......# #.# #.#.# #
#...#.....@### #.# #.#.##
###.###.#.#.....r(.# #.# .....#
................c#.#####†###.#..#
...###Y####..........[##........#
#8...#.s8#..####..§§...........
..#...#..l.#..# ###########....#
..#..l.#...#..# ##.#.#
..+.#.#.#.##..# #.#.#
..##.#.#.#.+..# ##.#..


You could see a centaur, a scorpion, an iguana (wandering), a +7 dire flail of
protection and a quokka (inner flame, confused).

Vanquished Creatures
  An ogre (D:4)
  A bullfrog (D:4)
  A scorpion (D:4)
  A howler monkey (D:5)
  A jelly (D:4)
  A hound (D:5)
  An orc priest (D:3)
  2 gnoll boudas (D:4)
  2 iguanas (D:5)
  3 orc wizards (D:4)
  10 gnolls
  6 adders
  A worm (D:5)
  3 dart slugs
  4 orcs
  7 ball pythons
  4 endoplasms
  3 giant cockroaches
  3 goblins
  7 hobgoblins
  2 jackals (D:4)
  4 quokkas
  2 bats (D:1)
  3 frilled lizards
  9 kobolds
  5 rats
87 creatures vanquished.

Vanquished Creatures (collateral kills)
  Edmund (D:5)
  An ice beast (D:5)
  A hound (D:3)
  A shadow imp (D:5)
  A quokka (D:5)
5 creatures vanquished.

Grand Total: 92 creatures vanquished

Notes
Turn   | Place    | Note
-------+----------+-------------------------------------------
     0 | D:1      | Armadingus the Gnoll Chaos Knight began the quest for the
                  | Orb.
     0 | D:1      | Reached XP level 1. HP: 23/23 MP: 1/1
    86 | D:1      | Reached XP level 2. HP: 29/29 MP: 2/2
    91 | D:1      | XOM: divination: magic mapping
   134 | D:1      | XOM: divination: detect items
   262 | D:1      | XOM: divination: magic mapping
   362 | D:1      | XOM: silly message
   492 | D:1      | Reached XP level 3. HP: 30/35 MP: 3/3
   703 | D:2      | Reached skill level 1 in Invocations
   967 | D:2      | Reached skill level 1 in Short Blades
   967 | D:2      | Reached skill level 1 in Long Blades
   967 | D:2      | Reached skill level 1 in Axes
   967 | D:2      | Reached skill level 1 in Polearms
   967 | D:2      | Reached skill level 1 in Staves
   967 | D:2      | Reached skill level 1 in Ranged Weapons
   967 | D:2      | Reached skill level 1 in Throwing
   967 | D:2      | Reached skill level 1 in Stealth
   967 | D:2      | Reached skill level 1 in Shields
   967 | D:2      | Reached skill level 1 in Unarmed Combat
   967 | D:2      | Reached skill level 1 in Spellcasting
   967 | D:2      | Reached skill level 1 in Evocations
  1138 | D:2      | XOM: silly message
  1222 | D:2      | Found Fufeg's Vocational Training.
  1434 | D:3      | Reached XP level 4. HP: 41/41 MP: 5/5
  1478 | D:3      | Reached skill level 1 in Conjurations
  1478 | D:3      | Reached skill level 1 in Hexes
  1478 | D:3      | Reached skill level 1 in Summonings
  1478 | D:3      | Reached skill level 1 in Necromancy
  1478 | D:3      | Reached skill level 1 in Translocations
  1478 | D:3      | Reached skill level 1 in Transmutations
  1478 | D:3      | Reached skill level 1 in Fire Magic
  1478 | D:3      | Reached skill level 1 in Ice Magic
  1478 | D:3      | Reached skill level 1 in Air Magic
  1478 | D:3      | Reached skill level 1 in Earth Magic
  1478 | D:3      | Reached skill level 1 in Poison Magic
  1478 | D:3      | Reached skill level 1 in Shapeshifting
  1632 | D:3      | XOM: potion effect (brilliance)
  1637 | D:3      | XOM: summons friendly shadow imp
  1641 | D:3      | Reached XP level 5. HP: 43/47 MP: 5/7
  1672 | D:3      | Found a stormy altar of Qazlal.
  2286 | D:4      | XOM: 3-stop teleportation journey
  2297 | D:4      | XOM: silly message
  2300 | D:4      | XOM: noise
  2321 | D:4      | Reached XP level 6. HP: 47/53 MP: 8/8
  2323 | D:4      | Found a shimmering blue altar of Sif Muna.
  2465 | D:4      | XOM: god gift: 19 gold pieces
  2486 | D:4      | Reached skill level 5 in Armour
  2490 | D:4      | XOM: potion effect (invisibility)
  2666 | D:4      | XOM: silly message
  2690 | D:4      | XOM: silly message
  2795 | D:4      | Reached XP level 7. HP: 51/59 MP: 10/10
  2909 | D:4      | XOM: noise
  2931 | D:4      | XOM: potion effect (berserk rage)
  2932 | D:4      | XOM: summons 7 friendly demons
  2958 | D:4      | Found a snail-covered altar of Cheibriados.
  2958 | D:4      | Found a shadowy altar of Dithmenos.
  3004 | D:4      | XOM: silly message
  3071 | D:4      | XOM: summons 4 hostile demons
  3073 | D:4      | XOM: smoke on damage
  3233 | D:4      | XOM: give mutations
  3233 | D:4      | Gained mutation: You have sharp toenails. [Xom's mischief]
  3233 | D:4      | Gained mutation: You are agile. (Dex +4, Str/Int -1) [Xom's
                  | mischief]
  3233 | D:4      | Gained mutation: Your magical capacity is low. (-10% MP)
                  | [Xom's mischief]
  3233 | D:4      | Gained mutation: You occasionally lose the ability to drink
                  | potions when taking damage. [Xom's mischief]
  3245 | D:5      | Entered Level 5 of the Dungeon
  3393 | D:4      | XOM: summons 4 hostile demons
  3772 | D:5      | XOM: cast spell 'Summon Hydra'
  3772 | D:5      | Noticed Edmund
  3972 | D:5      | Reached XP level 8. HP: 67/67 MP: 11/11
  4001 | D:5      | XOM: enchant monster (bad)
  4038 | D:5      | XOM: confuse monster(s)
  4069 | D:5      | XOM: confuse monster(s)
  4072 | D:5      | Killed Edmund
  4076 | D:5      | Mangled by a +7 dire flail of protection

Illustrated notes

Levels and vault maps discovered:
D:1:      lightli_arrival_maybe_door_vault, layout_basic
D:2:      layout_basic, minivault_5, nicolae_shop_vocational
D:3:      layout_basic, nicolae_qazlal_general_emergency, interstate_on_off
D:4:      layout_basic, mainiacjoe_overflow_brackets,
          gammafunk_temple_overflow_pools, skrybe_limestone_x
D:5:      layout_loops_ring, minivault_1, uniq_edmund

Skill      XL: |  1  2  3  4  5  6  7  8 |
---------------+-------------------------+-----
Invocations    | 1 2 3 |  3.4
Short Blades   | 1 2 3 |  3.1
Long Blades    | 1 2 3 |  3.1
Axes           | 1 2 3 |  3.1
Polearms       | 1 2 3 |  3.1
Staves         | 1 2 3 |  3.1
Ranged Weapons | 1 2 3 |  3.1
Throwing       | 1 2 3 |  3.1
Stealth        | 1 2 3 |  3.1
Shields        | 1 2 3 |  3.1
Unarmed Combat | 1 2 3 |  3.1
Spellcasting   | 1 2 3 |  3.1
Evocations     | 1 2 3 |  3.1
Conjurations   | 1 2 |  2.5
Hexes          | 1 2 |  2.5
Summonings     | 1 2 |  2.5
Necromancy     | 1 2 |  2.5
Translocations | 1 2 |  2.5
Transmutations | 1 2 |  2.5
Fire Magic     | 1 2 |  2.5
Ice Magic      | 1 2 |  2.5
Air Magic      | 1 2 |  2.5
Earth Magic    | 1 2 |  2.5
Poison Magic   | 1 2 |  2.5
Shapeshifting  | 1 2 |  2.8
Dodging        | 3 4 |  4.1
Armour         | 5 |  5.6
Fighting       | 7 |  7.3
Maces & Flails | 7 |  7.3

Action                     |  1- 3 |  4- 6 |  7- 9 || total
---------------------------+-------+-------+-------++-------
  Melee: Mace              |    86 |   141 |   108 ||   335
         Bite              |     6 |    11 |    14 ||    31
         Punch             |       |     3 |     1 ||     4
         Kick              |       |       |    32 ||    32
  Throw: Stone             |     8 |    15 |     4 ||    27
    Use: Scroll            |       |     1 |    11 ||    12
         Potion            |       |     1 |     1 ||     2
   Stab: Sleeping          |     3 |       |       ||     3
         Invisible         |       |     4 |       ||     4
 Armour: Leather armour    |    17 |     4 |       ||    21
         Chain mail        |       |    81 |   130 ||   211
  Dodge: Dodged            |    53 |   104 |   135 ||   292

Table legend: (Time is in decaauts)
 A = Elapsed time spent in this place.
 B = Non-inter-level travel time spent in this place.
 C = Inter-level travel time spent in this place.
 D = Time resting spent in this place.
 E = Time spent auto-exploring this place.
 F = Levels seen in this place.
 G = Mean time per level.
                   A        B        C        D        E       F      G
               +--------+--------+--------+--------+--------+-----+--------+
         Total |   4101 |   3981 |    120 |    300 |   1702 |   5 |  820.2 |
       Dungeon |   4101 |   3981 |    120 |    300 |   1702 |   5 |  820.2 |
               +--------+--------+--------+--------+--------+-----+--------+

Top non-repeatable levels by time:
     D:4: 1397 daAuts
     D:3: 825 daAuts
     D:1: 698 daAuts
     D:2: 683 daAuts
     D:5: 497 daAuts
